 Dungeon Crawl Stone Soup version 0.27.1-35-g4d5d836560 (webtiles) character file.

Game seed: 15571326320305512560

328 Romesagentofchaos the Covert (level 6, -6/30 HPs)
             Began as a Spriggan Brigand on Mar 24, 2022.
             Killed by divine providence
             ... invoked by an orc priest
              (10 damage)
             ... on level 5 of the Dungeon.
             The game lasted 00:13:00 (2440 turns).

Romesagentofchaos the Covert (Spriggan Brigand)     Turns: 2440, Time: 00:13:00

Health: -6/30      AC:  5    Str: 13    XL:     6   Next: 25%
Magic:  16/16      EV: 19    Int: 12    God:
Gold:   89         SH:  0    Dex: 25    Spells: 5/5 levels left

rFire    x . .     SeeInvis +   a - +2 dagger (drain)
rCold    + . .     Faith    .   (shield restricted)
rNeg     . . .     Spirit   .   b - +2 robe
rPois    .         Reflect  .   (helmet restricted)
rElec    .         Harm     .   c - +0 cloak
rCorr    .         Rampage  .   (gloves unavailable)
Will     +....     Clarity  +   (boots unavailable)
Stlth    +++++.....             (no amulet)
HPRegen  0.10/turn              g - ring of Dibyc {Ice MP+9 Dex+6 Slay-2}
MPRegen  0.15/turn              h - +6 ring of strength

@: unable to read, studying Stealth, very quick
A: very small, no large weapons, unfitting armour, see invisible, speed 3,
clarity, inability to read while threatened
a: no special abilities


You were on level 5 of the Dungeon.
You visited 1 branch of the dungeon, and saw 4 of its levels.

You collected 89 gold pieces.

Inventory:

Hand Weapons
 a - a +2 dagger of draining (weapon)
Missiles
 d - 18 poisoned darts (quivered)
 i - a datura-tipped dart
Armour
 b - a +2 robe (worn)
 c - a +0 cloak (worn)
Jewellery
 g - the ring of Dibyc (left hand) {Ice MP+9 Dex+6 Slay-2}
   (You acquired it on level 2 of the Dungeon)

   [ring of ice]

   It enhances your ice magic.
   Dex:       It affects your dexterity (+6).
   Slay:      It affects your accuracy & damage with ranged weapons and melee
   (-2).
   rF:        It makes you vulnerable to fire.
   rC:        It protects you from cold.
   MP:        It affects your magic capacity (+9).
 h - a +6 ring of strength (right hand)
Scrolls
 f - a scroll of amnesia


   Skills:
 + Level 2.1 Fighting
 + Level 3.7 Short Blades
 + Level 3.2 Throwing
 + Level 2.9 Dodging
 + Level 9.5 Stealth


You had 5 spell levels left.
You didn't know any spells.
Your spell library was empty.

Dungeon Overview and Level Annotations

Branches:
Dungeon (3/15)

Altars:
Cheibriados


Innate Abilities, Weirdness & Mutations

You are very small and have problems with some larger weapons.
You are too small for most types of armour.
You have supernaturally acute eyesight. (SInv)
You cover ground extremely quickly. (Speed+++)
You possess an exceptional clarity of mind.
You sometimes lose the ability to read scrolls when taking damage.


Message History

Your base attributes are Str 7, Int 12, Dex 18.
Increase (S)trength, (I)ntelligence, or (D)exterity?
You feel agile.
An orc comes into view. It is wielding a +0 hand axe.
An orc priest comes into view. It is wielding a +0 whip.
The orc shouts!
The orc priest shouts!
You hear a shout! x2
An orc comes into view. It is wielding a +0 flail.
Throw: 19 darts (poison)
Press: ? - help, Q - select action, (/) - cycle Shift-Dir - straight line, f - orc
Aim: an orc, wielding a +0 hand axe and wearing a +0 chain mail (71% to hit)
You throw a poisoned dart. The poisoned dart hits the orc.
The orc is poisoned.
You hit the orc but do no damage.
The orc is moderately wounded.
An orc comes into view. It is wielding a +0 dagger.
You hit the orc but do no damage.
The orc is moderately wounded.
The orc hits you but does no damage.
A hound comes into view.
The hound barks!
You hit the orc.
The orc is heavily wounded.
You hear a shout!
The orc barely misses you.
An orc comes into view. It is wielding a +0 mace.
You hear a shout!
You hit the orc but do no damage.
The orc is heavily wounded.
The orc misses you.
You hit the orc but do no damage. You drain the orc.
The orc is severely wounded.
The orc barely misses you.
You hit the orc but do no damage.
The orc is severely wounded.
You kill the orc!
You hit the orc priest.
The orc priest is lightly wounded.
The orc priest invokes the aid of Beogh against you.
Beogh smites you!
You feel threatened and lose the ability to read scrolls!
You die...

...##....##.#
.####....#..####
.....####..##..
####).....###.# . #
##......#.# .. #
#..####...#######... #
#.## ##............
#####.#######.####......
.Y........# #...@oh...#
..........# ######oo..#
..........# ...#
..........# ..#
..........# .#
########### #


You could see a hound, an orc priest and 2 orcs.

Vanquished Creatures
  A yak (D:5)
  Jessica (D:2)
  3 adders
  A gnoll (D:1)
  2 worms (D:2)
  An orc (D:5)
  6 bats
  5 endoplasms
  A giant cockroach (D:1)
  4 goblins
  6 hobgoblins
  2 jackals (D:1)
  4 kobolds
  A quokka (D:3)
  5 ball pythons
  A frilled lizard (D:1)
  6 rats
50 creatures vanquished.

Vanquished Creatures (others)
  A yak (D:5)
1 creature vanquished.

Grand Total: 51 creatures vanquished

Notes
Turn   | Place    | Note
-------+----------+-------------------------------------------
     0 | D:1      | Romesagentofchaos the Spriggan Brigand began the quest for
                  | the Orb.
     0 | D:1      | Reached XP level 1. HP: 10/10 MP: 2/2
    37 | D:1      | Reached skill level 6 in Stealth
   109 | D:1      | Reached XP level 2. HP: 14/14 MP: 3/3
   231 | D:1      | Found a faded altar of an unknown god.
   363 | D:1      | Reached skill level 7 in Stealth
   448 | D:1      | Reached XP level 3. HP: 12/18 MP: 4/4
   926 | D:2      | Noticed Jessica
   931 | D:2      | Killed Jessica
   963 | D:2      | Reached XP level 4. HP: 23/23 MP: 5/5
  1163 | D:2      | Reached skill level 8 in Stealth
  1228 | D:2      | Identified 2 scrolls of acquirement
  1228 | D:2      | Acquired the ring of Dibyc {Ice MP+9 Dex+6 Slay-2}
  1256 | D:2      | HP: 1/23 [worm (8)]
  1318 | D:2      | Acquired a manual of Stealth
  2099 | D:3      | Gained mutation: You sometimes lose the ability to read
                  | scrolls when taking damage. [potion of mutation]
  2099 | D:3      | Gained mutation: You possess an exceptional clarity of
                  | mind. [potion of mutation]
  2112 | D:3      | Found a snail-covered altar of Cheibriados.
  2373 | D:3      | You fall into a shaft and drop 2 floors!
  2373 | D:5      | Entered Level 5 of the Dungeon
  2373 | D:5      | Noticed a yak
  2376 | D:5      | Noticed a yak
  2376 | D:5      | Noticed a yak
  2380 | D:5      | Noticed a yak
  2380 | D:5      | Noticed a yak
  2404 | D:5      | HP: 1/23 [yak (22)]
  2409 | D:5      | Killed a yak
  2410 | D:5      | Reached XP level 5. HP: 2/26 MP: 6/6
  2429 | D:5      | Killed a yak
  2430 | D:5      | Reached skill level 9 in Stealth
  2430 | D:5      | Reached XP level 6. HP: 3/30 MP: 7/7
  2440 | D:5      | Killed from afar by an orc priest

Illustrated notes

Levels and vault maps discovered:
D:1:      tarquinn_simple_flora_water_f, layout_loops_cross,
          ebering_ecumenical_altar_rust, corexii_corridor_pit, nrook_mini_vaults
D:2:      layout_basic, roderic_lattice_a, uniq_jessica
D:3:      layout_basic, cheibriados_altar_1
D:5:      layout_rooms, uniq_ijyb

Skill      XL: |  1  2  3  4  5 |
---------------+----------------+-----
Stealth        | 6 7 8 9 |  9.5
Short Blades   | 3 |  3.7
Dodging        | 2 |  2.9
Fighting       | 2 |  2.1
Throwing       | 3 |  3.2

Action                   |  1- 3 |  4- 6 || total
-------------------------+-------+-------++-------
Melee: Dagger            |    56 |    86 ||   142
Throw: Dart              |       |    29 ||    29
  Use: Scroll            |     2 |     5 ||     7
       Potion            |     3 |     4 ||     7
 Stab: Sleeping          |    15 |     4 ||    19
Armor: Robe              |    12 |     8 ||    20
Dodge: Dodged            |    29 |    53 ||    82
